 Dungeon Crawl Stone Soup version 0.16-a0-296-gbdb9f68 (webtiles) character file.

107 Ololoev the Chiller (level 4, -1/36 HPs)
             Began as a Naga Ice Elementalist on Aug 29, 2014.
             Slain by a gnoll
             ... wielding a +0 halberd
              (6 damage)
             ... on Level 3 of the Dungeon.
             The game lasted 00:10:57 (3229 turns).

Ololoev the Chiller (Naga Ice Elementalist)         Turns: 3229, Time: 00:10:57

HP  -1/36        AC  7     Str 10      XL: 4   Next: 85%
MP   1/8         EV  8     Int 16      God:
Gold 71          SH  0     Dex 12      Spells:  2 memorised,  5 levels left

rFire  . . .     SeeInvis +     q - +0 whip (freeze)
rCold  . . .     Clarity  .     a - +0 robe
rNeg   . . .     rCorr    .     (no shield)
rPois  +         rRot     .     (no helmet)
rElec  .         Spirit   .     (no cloak)
SustAb .         Warding  .     l - +0 pair of gloves
rMut   .         Stasis   .     p - +0 naga barding
Gourm  .                        (no amulet)
MR     .....                    (no ring)
                                (no ring)

@: short of breath, very slow, not resistant to hostile enchantments, unstealthy
A: spit poison, see invisible, deformed body, poison resistance, slowness 2, AC
+1
a: Spit Poison


You were on level 3 of the Dungeon.
You were hungry.

You visited 1 branch of the dungeon, and saw 3 of its levels.

You collected 71 gold pieces.

Inventory:

Hand weapons
 q - a +0 whip of freezing (weapon)
Missiles
 m - 20 stones (quivered)
Armour
 a - a +0 robe (worn)
 l - a +0 pair of gloves (worn)
 p - a +0 naga barding (worn)
Comestibles
 c - a bread ration
 d - a meat ration
 g - a royal jelly
 t - 2 slices of pizza
Scrolls
 e - 5 scrolls of identify {unknown}
 h - a scroll of amnesia {unknown}
 i - 2 scrolls of immolation {unknown}
 k - 3 scrolls of remove curse {unknown}
 r - a scroll of teleportation {unknown}
 v - a scroll of random uselessness {unknown}
Potions
 f - 2 potions of agility {unknown}
 j - a potion of degeneration {unknown}
 n - a potion of restore abilities {unknown}
 o - a potion of haste {unknown}
 s - a potion of curing {unknown}
 u - a potion of heal wounds {unknown}
Books
 b - a book of Frost

   Spells                             Type                      Level
   *Freeze                            Ice                          1
   *Throw Frost                       Conjuration/Ice              2
   Ozocubu's Armour                   Charms/Ice                   3
   Throw Icicle                       Conjuration/Ice              4
   Summon Ice Beast                   Ice/Summoning                4
   Condensation Shield                Ice                          4


   Skills:
 - Level 1.5 Dodging
 - Level 3.0 Stealth
 + Level 2.9 Spellcasting
 + Level 2.3 Conjurations
 + Level 4.2 Ice Magic


You had 5 spell levels left.
You knew the following spells:

 Your Spells              Type           Power        Failure   Level  Hunger
a - Freeze                Ice            ###.         4%          1    #......
b - Throw Frost           Conj/Ice       ##....       10%         2    ##.....


Dungeon Overview and Level Annotations

Branches:
Dungeon (3/15)

Altars:
Qazlal


Innate Abilities, Weirdness & Mutations

You cannot wear boots.
You can spit poison.
Your serpentine skin is tough (AC +1).
You have supernaturally acute eyesight.
Armour fits poorly on your strangely shaped body.
Your system is resistant to poisons.
You cover ground very slowly.


Message History

The jackal is heavily wounded.
The jackal bites you but does no damage.
The gnoll barely misses you. The jackal barely misses you.
You barely miss the jackal.
The jackal is heavily wounded.
The jackal bites you but does no damage.
The gnoll hits you from afar with a halberd!
* * * LOW HITPOINT WARNING * * *
You hit the jackal. You freeze the jackal.
You kill the jackal!
The gnoll hits you from afar with a halberd.
* * * LOW HITPOINT WARNING * * *
Use which ability? (? or * to list)
Press: ? - help, Shift-Dir - straight line, f - gnoll
Aim: a gnoll, wielding a halberd The splash of poison hits the gnoll.
The gnoll is moderately wounded.
You feel slightly more hungry.
The gnoll hits you from afar with a halberd.
You die...

...#####.#
#..........
.........#
#.##.......
.<.#####.#
########.##.....##
#### #.#
#.............#.#
#.#
#.######.##...#.##
<.# #.#
#.##....... ###
#.# #.##.....#.
#.# #.##...#.#.
#@# ##.##..>#.#.
#.# #...........
#g# ###..##.......
#)##.....####.....
#....###.. .#.#.
####h# #.## ##.#
.# #.# # r. ..#
##..##


You could see a gnoll.

Vanquished Creatures
  4 gnolls
  3 worms (D:2)
  3 oozes
  5 bats
  3 giant cockroaches
  6 goblins
  5 hobgoblins
  2 jackals (D:3)
  2 quokkas
  3 ball pythons
  3 giant newts
  5 kobolds
  6 rats
50 creatures vanquished.

Notes
Turn   | Place    | Note
--------------------------------------------------------------
     0 | D:1      | Ololoev, the Naga Ice Elementalist, began the quest for the Orb.
     0 | D:1      | Reached XP level 1. HP: 15/15 MP: 3/3
   465 | D:1      | Reached XP level 2. HP: 22/22 MP: 0/4
   611 | D:1      | Learned a level 2 spell: Throw Frost
  1154 | D:1      | Reached XP level 3. HP: 28/28 MP: 6/6
  1917 | D:2      | Reached skill level 4 in Ice Magic
  1981 | D:2      | Found a stormy altar of Qazlal.
  2084 | D:2      | Reached XP level 4. HP: 36/36 MP: 6/8
  3229 | D:3      | Slain by a gnoll

Action                   |  1- 3 |  4- 6 || total
-------------------------+-------+-------++-------
Melee: Whip              |    20 |    37 ||    57
       Dagger            |     5 |       ||     5
Throw: Stone             |       |     5 ||     5
 Cast: Freeze            |    41 |    11 ||    52
       Throw Frost       |    13 |    15 ||    28
 Abil: Spit Poison       |     6 |     1 ||     7
 Stab: Sleeping          |     3 |       ||     3
  Eat: Chunk             |     5 |     4 ||     9
